 Dungeon Crawl Stone Soup version 0.29.0-11-gd7f09526c8 (webtiles) character file.

Game seed: 17676870527790197094

179 robertstho the Ruffian (level 5, -2/43 HPs)
             Began as a Vine Stalker Berserker on Sept 6, 2022.
             Was a Priest of Trog.
             Splashed by a jelly's acid (9 damage)
             ... on level 4 of the Dungeon.
             The game lasted 00:03:18 (3098 turns).

robertstho the Ruffian (Vine Stalker Berserker)     Turns: 3098, Time: 00:03:20

Health: -2/43      AC:  3    Str: 21    XL:     5   Next: 59%
Magic:  0/6        EV:  6    Int:  7    God:    Trog [***...]
Gold:   134        SH:  0    Dex: 14    Spells: 4/4 levels left

rFire   . . .      SeeInvis .     - Unarmed
rCold   . . .      Faith    .   (no shield)
rNeg    . . .      Spirit   +   l - +0 plate armour
rPois   .          Reflect  .   (no helmet)
rElec   .          Harm     .   (no cloak)
rCorr   .          Rampage  .   (no gloves)
Will    .....                   (no boots)
Stlth   ..........              (no amulet)
HPRegen 0.94/turn               g - ring of flight
MPRegen 0.10/turn               (no ring)

@: berserking, lethally poisoned (-2 -> -3), corroded, flying, very quick
A: fangs 2, regeneration 1, magic shield, antimagic bite, no potion heal 2
a: Renounce Religion, Berserk, Trog's Hand


You were on level 4 of the Dungeon.
You worshipped Trog.
Trog was most pleased with you.
You visited 1 branch of the dungeon, and saw 5 of its levels.

You collected 134 gold pieces.

Inventory:

Armour
 l - a +0 plate armour (worn)
Jewellery
 g - a ring of flight (left hand)
 o - a ring of poison resistance
Wands
 m - a wand of acid (5)
Scrolls
 d - a scroll of brand weapon {unknown}
 e - a scroll of torment {unknown}
 h - a scroll of immolation
 i - a scroll of identify
 j - a scroll of magic mapping
 k - a scroll of noise {unknown}
Potions
 a - a potion of attraction {unknown}
 b - a potion of might {unknown}
 c - a potion of flight {unknown}
 f - a potion of curing
 n - a potion of cancellation {unknown}


   Skills:
 * Level 3.7 Fighting
 * Level 2.8 Armour
 + Level 1.8 Dodging
 + Level 4.2 Unarmed Combat


You had 4 spell levels left.
You didn't know any spells.
Your spell library was empty.

Dungeon Overview and Level Annotations

Branches:
Dungeon (5/15)
 Temple: D:4-7

Altars:
Elyvilon
Nemelex Xobeh
Sif Muna
Trog

Annotations:
D:5 Duvessa


Innate Abilities, Weirdness & Mutations

You have extremely sharp teeth.
Your natural rate of healing is unusually fast.
When hurt, damage is shared between your health and your magic reserves.
Your bite disrupts and absorbs the magic of your enemies.
Potions cannot restore your health.


Message History

The howler monkey hits you.
You barely miss the howler monkey.
The howler monkey is moderately wounded.
The howler monkey closely misses you. The jelly hits you but does no damage.
You closely miss the howler monkey.
The howler monkey is moderately wounded.
The howler monkey hits you.
You closely miss the howler monkey. You bite the howler monkey.
You drain its power.
The howler monkey is heavily wounded.
The howler monkey barely misses you. The jelly barely misses you.
You hit the howler monkey but do no damage.
The howler monkey is heavily wounded.
The howler monkey hits you. The jelly hits you. The acid corrodes you!
You are splashed with acid!
The howler monkey barely misses you.
You hit the howler monkey.
The howler monkey is severely wounded.
The adder bites you but does no damage. The jelly hits you but does no damage.
The howler monkey hoots and howls with incredible vigour!
You closely miss the howler monkey.
The howler monkey is severely wounded.
The adder bites you.
You are poisoned.
The adder poisons you! The jelly hits you. The acid corrodes you!
You are splashed with acid!
The adder bites you but does no damage. The howler monkey hits you.
A red film seems to cover your vision as you go berserk!
You feel yourself moving faster!
You feel mighty!
You feel sick.
The jelly jiggles.
The jelly hits you but does no damage. The adder bites you but does no damage.
The howler monkey hits you.
* * * LOW HITPOINT WARNING * * *
Unknown command.
You punch the howler monkey!
You kill the howler monkey!
Trog accepts your kill.
You feel sick. The jelly hits you.
* * * LOW HITPOINT WARNING * * *
You are splashed with acid!
You die...

#### ......####.#
......#....#
...........##
............## #..
.............# #.#
.!...?.......# #.#
......SJ.....# #.#
#..@....# #.#
##<.>..## #.######
####...#######.......
......>............###
######..[..<....####
############


You could see a jelly and an adder.

Vanquished Creatures
  A howler monkey (D:4)
  Jessica (D:3)
  Natasha (D:3)
  A gnoll (D:3)
  2 adders
  A white imp (D:3)
  2 worms
  3 dart slugs
  6 bats
  6 endoplasms
  5 giant cockroaches
  7 goblins
  8 hobgoblins
  8 jackals (D:3)
  5 quokkas
  3 ball pythons
  5 frilled lizards
  9 kobolds
  6 rats
80 creatures vanquished.

Notes
Turn   | Place    | Note
-------+----------+-------------------------------------------
     0 | D:1      | robertstho the Vine Stalker Berserker began the quest for
                  | the Orb.
     0 | D:1      | Reached XP level 1. HP: 11/11 MP: 2/2
   130 | D:1      | Reached XP level 2. HP: 16/16 MP: 3/3
   530 | D:1      | Reached ** piety under Trog
   531 | D:1      | Reached XP level 3. HP: 16/20 MP: 4/4
  1847 | D:2      | Gained mutation: Your natural rate of healing is unusually
                  | fast. [Vine Stalker growth]
  1847 | D:2      | Reached XP level 4. HP: 19/24 MP: 5/5
  2206 | D:3      | Found a white marble altar of Elyvilon.
  2283 | D:3      | Found a bloodstained altar of Trog.
  2307 | D:3      | Found a shimmering blue altar of Sif Muna.
  2346 | D:3      | Reached *** piety under Trog
  2555 | D:3      | Noticed Natasha
  2562 | D:3      | Killed Natasha
  2563 | D:3      | Reached skill level 4 in Unarmed Combat
  2563 | D:3      | Reached XP level 5. HP: 24/29 MP: 4/6
  2676 | D:3      | Noticed Jessica
  2690 | D:3      | Killed Jessica
  2859 | D:3      | You are sucked into a shaft and drop 2 floors!
  2859 | D:5      | Entered Level 5 of the Dungeon
  2888 | D:5      | Found a sparkling altar of Nemelex Xobeh.
  2894 | D:5      | Noticed an ogre
  2897 | D:5      | Noticed Duvessa
  3098 | D:4      | Splashed by a jelly's acid

Illustrated notes

Levels and vault maps discovered:
D:1:      minmay_arrival_three_doors, layout_loops_corners
D:2:      layout_loops_ring
D:3:      layout_loops_corners, nzn_overflow_gifts_of_might_and_magic,
          mainiacjoe_overflow_chevrons, chequers_serial_rivers_large_b,
          minivault_19, uniq_jessica, uniq_natasha
D:4:      layout_loops_ring, kennysheep_nondescript
D:5:      layout_basic, nemelex_dance_club_becter, minivault_1,
          kennysheep_boxes, uniq_duvessa

Skill      XL: |  1  2  3  4 |
---------------+-------------+-----
Fighting       | 3 |  3.7
Armour         | 2 |  2.8
Unarmed Combat | 4 |  4.2
Dodging        | |  1.8

Action                   |  1- 3 |  4- 6 || total
-------------------------+-------+-------++-------
Melee: Unarmed           |   117 |   101 ||   218
       Bite              |    25 |    36 ||    61
       Punch             |     2 |     4 ||     6
Invok: Berserk           |       |     1 ||     1
  Use: Scroll            |     4 |     3 ||     7
Armor: Animal skin       |     1 |       ||     1
       Chain mail        |    36 |       ||    36
       Plate armour      |     8 |    63 ||    71
Dodge: Dodged            |    40 |    36 ||    76
